 Dungeon Crawl Stone Soup version 0.30-a0-719-gcc4359ea44 (webtiles) character file.

Game seed: 2666242182034600264

712 boo the Spear-Bearer (level 7, 0/56 HPs)
             Began as a Merfolk Gladiator on Jan 26, 2023.
             Succumbed to an orc wizard's poison
             ... on level 5 of the Dungeon.
             The game lasted 00:09:35 (3142 turns).

boo the Spear-Bearer (Merfolk Gladiator)            Turns: 3142, Time: 00:09:36

Health: 0/56       AC: 12    Str: 23    XL:     7   Next: 68%
Magic:  7/7        EV: 10    Int:  7    God:
Gold:   271        SH:  0    Dex: 15    Spells: 6/6 levels left

rFire   + . .      SeeInvis .    a - +0 trident
rCold   . . .      Faith    .    (no shield)
rNeg    . . .      Spirit   .    p - +0 chain mail
rPois   .          Reflect  .    (helmet restricted)
rElec   .          Harm     .    (no cloak)
rCorr   .          Rampage  .    (no gloves)
Will    +....                    (no boots) Stlth
                                 m - amulet of regeneration
HPRegen 1.09/turn                f - +6 ring of strength
MPRegen 0.10/turn                i - +4 ring of protection

@: lethally poisoned (0 -> -12)
A: (nimble swimmer 2), mertail, beak, fire resistance 1, strong-willed 1, wild
magic 1
a: no special abilities


You were on level 5 of the Dungeon.
You visited 1 branch of the dungeon, and saw 5 of its levels.
You also visited: Sewer.

You collected 326 gold pieces.
You spent 55 gold pieces at shops.

Inventory:

Hand Weapons
 a - a +0 trident (weapon)
Missiles
 d - 3 throwing nets (quivered)
 e - a javelin
Armour
 c - a +0 helmet
 k - a +0 ring mail
 p - a +0 chain mail (worn)
Jewellery
 f - a +6 ring of strength (left hand)
 i - a +4 ring of protection (right hand)
 m - an amulet of regeneration (around neck)
 n - a +6 ring of dexterity
 q - a ring of wizardry
 y - a ring of positive energy
Wands
 w - a wand of flame (13)
Scrolls
 b - 2 scrolls of vulnerability
 g - a scroll of torment
 h - 5 scrolls of teleportation
 l - a scroll of fog {unknown}
 x - a scroll of magic mapping {unknown}
 z - a scroll of silence {unknown}
Potions
 o - 2 potions of cancellation
 r - 2 potions of heal wounds
 s - 2 potions of mutation
 t - 2 potions of haste {unknown}
 u - a potion of experience {unknown}
 v - a potion of resistance {unknown}
 A - a potion of brilliance {unknown}


   Skills:
 + Level 5.0 Fighting
 * Level 8.6 Polearms
 - Level 2.0 Throwing
 + Level 6.6 Dodging


You had 6 spell levels left.
You didn't know any spells.
Your spell library contained the following spells:

 Spells                   Type           Power      Damage    Failure   Level
 Ensorcelled Hibernation  Hex/Ice        0%         N/A       100%        2
 Passwall                 Tmut/Erth      0%         N/A       100%        2
 Ozocubu's Armour         Ice            0%         N/A       100%        3
 Swiftness                Air            0%         N/A       100%        3
 Ozocubu's Refrigeration  Ice            0%         4d7       100%        7


Dungeon Overview and Level Annotations

Branches:
Dungeon (5/15)              Sewer (visited)
 Temple: D:4-7

Altars:

Shops:
D:2 ?


Innate Abilities, Weirdness & Mutations

((You are very nimble when in or above water. (Stealth+, EV+, Speed+++)))
Your lower body shifts to a powerful aquatic tail in water.
You have a beak for a mouth.
Your flesh is heat resistant. (rF+)
You are strong-willed. (Will+)
Your spells are a little harder to cast, but a little more powerful.


Message History

You feel sick.
The orc wizard hits you with a +1 dagger of venom.
You are more poisoned.
You barely miss the orc wizard.
The orc wizard is moderately wounded.
You feel very sick.
The orc wizard hits you with a +1 dagger of venom.
You are more poisoned.
You hit the orc wizard but do no damage.
The orc wizard is moderately wounded.
You feel very sick.
The orc wizard hits you with a +1 dagger of venom.
You are more poisoned.
You hit the orc wizard. Your peck misses the orc wizard.
The orc wizard is moderately wounded.
You feel very sick.
The orc wizard hits you with a +1 dagger of venom.
You barely miss the orc wizard. Your peck misses the orc wizard.
The orc wizard is moderately wounded.
You feel very sick.
The orc wizard hits you with a +1 dagger of venom.
You are more poisoned.
You hit the orc wizard but do no damage.
The orc wizard is moderately wounded.
You feel very sick.
The orc wizard hits you with a +1 dagger of venom.
You are more poisoned.
You puncture the orc wizard! Your peck misses the orc wizard.
The orc wizard is almost dead.
You feel very sick.
You closely miss the orc wizard.
The orc wizard is almost dead.
* * * LOW HITPOINT WARNING * * *
You feel very sick.
The orc wizard points at you and mumbles some strange words.
The magic dart hits you!
* * * LOW HITPOINT WARNING * * *
You barely miss the orc wizard.
The orc wizard is almost dead.
You die...

########..)...
............. # .#..
.........#.###. ...
.............. .!#.
............# #[..
.......†...######..# ..
.<................##....
..............##.o......
.........##.....@#
.........####..))#
....<....# ##...).....
.!.......# #...#####.
########## ....# .$.#..#
...###.# #.#. .$ ....
###


You could see an orc wizard.

Vanquished Creatures
  2 ogres
  2 kobold brigands (Sewer)
  A scorpion (D:5)
  A jelly (D:5)
  An iguana (D:4)
  Terence (D:3)
  3 orc wizards (D:4)
  4 adders
  3 river rats (D:3)
  A shadow imp (D:3)
  2 worms
  3 dart slugs
  13 orcs
  10 ball pythons
  6 bats
  6 endoplasms
  4 giant cockroaches
  8 goblins
  8 hobgoblins
  2 jackals (D:4)
  24 kobolds
  5 quokkas
  7 frilled lizards
  2 rats (Sewer)
119 creatures vanquished.

Vanquished Creatures (others)
  7 plants (Sewer)
7 creatures vanquished.

Grand Total: 126 creatures vanquished

Notes
Turn   | Place    | Note
-------+----------+-------------------------------------------
     0 | D:1      | boo the Merfolk Gladiator began the quest for the Orb.
     0 | D:1      | Reached XP level 1. HP: 16/16 MP: 1/1
    34 | D:1      | Reached XP level 2. HP: 12/23 MP: 2/2
    92 | D:1      | You fall into a shaft and drop 1 floor!
   271 | D:1      | Reached XP level 3. HP: 28/28 MP: 3/3
   513 | D:1      | Reached skill level 5 in Polearms
   858 | D:2      | Found a faded altar of an unknown god.
  1073 | D:2      | Found The Oracle's Delphic Readings.
  1077 | D:2      | Bought a scroll of identify for 22 gold pieces
  1077 | D:2      | Bought a scroll of teleportation for 33 gold pieces
  1290 | D:2      | Reached XP level 4. HP: 34/34 MP: 4/4
  1469 | D:3      | Found a glowing drain.
  1506 | Sewer    | Entered a sewer
  1568 | Sewer    | Noticed a kobold brigand
  1583 | Sewer    | Noticed a kobold brigand
  1594 | Sewer    | Gained mutation: You have a beak for a mouth. [potion of
                  | mutation]
  1594 | Sewer    | Gained mutation: You are strong-willed. (Will+) [potion of
                  | mutation]
  1594 | Sewer    | Gained mutation: Your flesh is heat resistant. (rF+)
                  | [potion of mutation]
  1594 | Sewer    | Gained mutation: Your spells are a little harder to cast,
                  | but a little more powerful. [potion of mutation]
  1598 | Sewer    | Killed a kobold brigand
  1599 | Sewer    | Reached skill level 6 in Polearms
  1599 | Sewer    | Reached skill level 5 in Dodging
  1599 | Sewer    | Reached XP level 5. HP: 13/41 MP: 5/5
  1732 | Sewer    | Killed a kobold brigand
  1733 | Sewer    | Reached XP level 6. HP: 32/48 MP: 6/6
  1879 | D:3      | Reached skill level 7 in Polearms
  2113 | D:3      | Noticed Terence
  2123 | D:3      | Killed Terence
  2279 | D:3      | Identified the +1 robe "Nunicus" {+Inv Dex+3}
  2613 | D:4      | Reached XP level 7. HP: 44/55 MP: 7/7
  2782 | D:4      | Reached skill level 8 in Polearms
  3064 | D:5      | Entered Level 5 of the Dungeon
  3118 | D:5      | Reached skill level 5 in Fighting
  3142 | D:5      | Succumbed to an orc wizard's poison

Illustrated notes

Levels and vault maps discovered:
D:1:      minmay_arrival_shoal_huts, layout_loops_cross
D:2:      layout_loops_ring, shapermc_ecumenical_altar_mp_highgroup,
          nicolae_nh_oracle_at_delphi
D:3:      layout_loops_corners, portal_sewer_entry_b, serial_glass,
          glass_columns_a, glass_columns_a, glass_columns_a, glass_columns_a,
          glass_columns_a, glass_columns_b, glass_columns_b, glass_columns_a,
          kennysheep_boxes, uniq_terence
D:4:      layout_gridville, minmay_between
D:5:      layout_rooms, gammafunk_temple_overflow_elements, uniq_sigmund

Skill      XL: |  1  2  3  4  5  6  7 |
---------------+----------------------+-----
Polearms       | 5 6 7 8 |  8.6
Fighting       | 3 4 5 |  5.0
Dodging        | 5 6 |  6.6
Throwing       | |  2.0

Action                     |  1- 3 |  4- 6 |  7- 9 || total
---------------------------+-------+-------+-------++-------
  Melee: Trident           |   104 |   180 |    97 ||   381
         Tailslap          |       |     2 |       ||     2
         Punch             |       |     1 |     1 ||     2
         Peck              |       |    20 |    15 ||    35
  Throw: Throwing net      |       |     2 |       ||     2
    Use: Scroll            |     1 |     2 |     2 ||     5
         Potion            |       |     2 |       ||     2
   Stab: Sleeping          |     1 |       |       ||     1
 Armour: Leather armour    |     9 |       |       ||     9
         Ring mail         |    17 |       |       ||    17
         Chain mail        |     1 |    70 |    20 ||    91
         Skin              |       |     8 |       ||     8
  Dodge: Dodged            |    37 |    99 |    34 ||   170

Table legend: (Time is in decaauts)
 A = Elapsed time spent in this place.
 B = Non-inter-level travel time spent in this place.
 C = Inter-level travel time spent in this place.
 D = Time resting spent in this place.
 E = Time spent auto-exploring this place.
 F = Levels seen in this place.
 G = Mean time per level.
                   A        B        C        D        E       F      G
               +--------+--------+--------+--------+--------+-----+--------+
         Total |   3079 |   2964 |    115 |    127 |   1993 |   6 |  513.2 |
       Dungeon |   2746 |   2631 |    115 |     92 |   1884 |   5 |  549.2 |
         Sewer |    333 |    333 |      0 |     35 |    108 |   1 |  333.0 |
               +--------+--------+--------+--------+--------+-----+--------+

Top non-repeatable levels by time:
     D:3: 766 daAuts
     D:2: 726 daAuts
     D:1: 636 daAuts
     D:4: 544 daAuts
   Sewer: 333 daAuts
     D:5: 72 daAuts
